 Dungeon Crawl Stone Soup version 0.30-a0-630-g881e3bac89 (webtiles) character file.

Game seed: 14692530786742757971

1089 Citaku the Covered (level 8, 0/70 HPs)
             Began as a Minotaur Fighter on Jan 13, 2023.
             Slain by Sigmund
             ... wielding a +0 scythe
              (3 damage)
             ... on level 6 of the Dungeon.
             The game lasted 00:08:09 (4029 turns).

Citaku the Covered (Minotaur Fighter)               Turns: 4029, Time: 00:08:09

Health: 0/70       AC: 16    Str: 24    XL:     8   Next: 9%
Magic:  7/7        EV:  9    Int:  5    God:
Gold:   384        SH:  5    Dex:  9    Spells: 7/7 levels left

rFire   . . .      SeeInvis .    a - +0 war axe
rCold   + . .      Faith    .    c - +0 buckler
rNeg    . . .      Spirit   .    b - +0 scale mail
rPois   +          Reflect  .    (helmet restricted)
rElec   .          Harm     .    p - +2 cloak
rCorr   .          Rampage  .    A - +2 pair of gloves
Will    +....                    r - +0 pair of boots "Jeyvinwo" {Will+} Stlth
                                 (no amulet)
HPRegen 0.31/turn                v - ring of poison resistance
MPRegen 0.10/turn                d - ring of protection from cold

@: no status effects
A: horns 2, retaliatory headbutt
a: no special abilities


You were on level 6 of the Dungeon.
You visited 1 branch of the dungeon, and saw 6 of its levels.

You collected 384 gold pieces.

Inventory:

Hand Weapons
 a - a +0 war axe (weapon)
Armour
 b - a +0 scale mail (worn)
 c - a +0 buckler (worn)
 p - a +2 cloak (worn)
 r - the +0 pair of boots "Jeyvinwo" (worn) {Will+}
   (You found it on level 4 of the Dungeon)

   Will:      It increases your willpower.
 A - a +2 pair of gloves (worn)
Jewellery
 d - a ring of protection from cold (right hand)
 v - a ring of poison resistance (left hand)
Wands
 n - a wand of polymorph (7)
Scrolls
 f - 4 scrolls of identify {unknown}
 i - a scroll of fog {unknown}
 k - a scroll of blinking {unknown}
 m - a scroll of amnesia {unknown}
 o - a scroll of fear {unknown}
 q - 2 scrolls of teleportation {unknown}
 s - a scroll of summoning {unknown}
 t - a scroll of acquirement {unknown}
 w - a scroll of noise {unknown}
 x - a scroll of silence {unknown}
Potions
 e - a potion of heal wounds {unknown}
 g - 2 potions of attraction {unknown}
 h - 2 potions of ambrosia {unknown}
 j - 2 potions of mutation {unknown}
 l - 3 potions of brilliance {unknown}
 u - 2 potions of invisibility {unknown}
 z - a potion of berserk rage {unknown}
 B - a potion of might
 C - a potion of magic {unknown}


   Skills:
 + Level 5.9 Fighting
 * Level 7.0 Axes
 * Level 7.5 Armour
 + Level 5.8 Shields


You had 7 spell levels left.
You didn't know any spells.
Your spell library contained the following spells:

 Spells                   Type           Power      Damage    Failure   Level
 Blink                    Tloc           0%         N/A       92%         2
 Momentum Strike          Conj/Tloc      0%         3d8       92%         2
 Gell's Gravitas          Tloc           0%         N/A       99%         3
 Lesser Beckoning         Tloc           0%         N/A       99%         3
 Teleport Other           Tloc           0%         N/A       99%         3
 Dispersal                Tloc           0%         N/A       100%        6


Dungeon Overview and Level Annotations

Branches:
Dungeon (6/15)
 Temple: D:4-7

Altars:
Ashenzari
Elyvilon
Trog
Vehumet
Xom
Yredelemnul
Zin

Shops:
D:5 *

Annotations:
D:6 Sigmund


Innate Abilities, Weirdness & Mutations

You have a pair of horns on your head.
You reflexively headbutt those who attack you in melee.


Message History

You kill the adder!
The orc warrior hits you with a +0 short sword!
Something hits you. The orc hits you with a +0 dagger.
The orc warrior hits you with a +0 short sword.
Things that are here:
a +0 dagger; a +0 robe You slash the orc warrior!
The orc warrior is moderately wounded.
You hit the orc. Something hits you. The orc barely misses you.
The orc warrior hits you with a +0 short sword.
You hit the orc warrior.
The orc warrior is moderately wounded.
You slash the orc!
You kill the orc!
The orc warrior hits you with a +0 short sword!
Something hits you but does no damage.
You slash the orc warrior! Your headbutt misses the orc warrior.
The orc warrior is severely wounded.
The orc warrior hits you with a +0 short sword.
* * * LOW HITPOINT WARNING * * *
You hit the orc warrior but do no damage.
You headbutt the orc warrior.
The orc warrior is almost dead.
Something hits you.
* * * LOW HITPOINT WARNING * * *
The orc warrior hits you but does no damage. x2
You hit the orc warrior.
You kill the orc warrior!
Something hits you but does no damage.
Your Axes skill increases to level 7!
You have reached level 8!
You feel stronger.
Found 17 gold pieces.
Something hits you.
* * * LOW HITPOINT WARNING * * *
Items here: ( )) [[ †.
You miss something. Something hits you!
* * * LOW HITPOINT WARNING * * *
You barely miss something. You barely miss something. You headbutt something.
Something hits you.
You die...

.... ############
.... #..........#
..... #..<.......#
..... #).........#
...... #..........#
...)..##..........#
$.............>....
......{@).........#
.......)..........#
.......)####.......
......... ...#...
......... ...
##.####### .. #. #


There were no monsters in sight!

Vanquished Creatures
  Menkaure (D:5)
  Edmund (D:5)
  A water moccasin (D:4)
  An orc warrior (D:6)
  2 centaurs
  A scorpion (D:5)
  3 orc priests
  3 iguanas
  3 orc wizards
  8 gnolls (D:3)
  An adder (D:6)
  A dart slug (D:5)
  16 orcs
  5 ball pythons
  10 bats
  8 endoplasms
  4 giant cockroaches
  10 goblins
  7 hobgoblins
  4 jackals (D:5)
  3 quokkas
  4 frilled lizards
  8 kobolds
  4 rats
109 creatures vanquished.

Notes
Turn   | Place    | Note
-------+----------+-------------------------------------------
     0 | D:1      | Citaku the Minotaur Fighter began the quest for the Orb.
     0 | D:1      | Reached XP level 1. HP: 19/19 MP: 0/0
    41 | D:1      | Found a faded altar of an unknown god.
    90 | D:1      | Reached XP level 2. HP: 25/27 MP: 1/1
   593 | D:1      | Reached XP level 3. HP: 33/33 MP: 2/2
  1849 | D:3      | Reached XP level 4. HP: 34/40 MP: 3/3
  2013 | D:3      | Reached XP level 5. HP: 39/47 MP: 4/4
  2016 | D:3      | Reached skill level 5 in Armour
  2284 | D:3      | Found a basalt altar of Yredelemnul.
  2285 | D:3      | Found a radiant altar of Vehumet.
  2287 | D:3      | Found a bloodstained altar of Trog.
  2290 | D:3      | Found a broken altar of Ashenzari.
  2291 | D:3      | Found a shimmering altar of Xom.
  2291 | D:3      | Found a white marble altar of Elyvilon.
  2855 | D:4      | Identified the +0 pair of boots "Jeyvinwo" {Will+}
  2958 | D:4      | Noticed a water moccasin
  2965 | D:4      | Killed a water moccasin
  2966 | D:4      | Reached skill level 5 in Axes
  2966 | D:4      | Reached XP level 6. HP: 51/53 MP: 5/5
  3194 | D:5      | Entered Level 5 of the Dungeon
  3254 | D:5      | Noticed Menkaure
  3257 | D:5      | Noticed Edmund
  3260 | D:5      | Killed Menkaure
  3261 | D:5      | Reached skill level 5 in Fighting
  3261 | D:5      | Reached skill level 5 in Shields
  3261 | D:5      | Found Lesiguow's Overcharged Wands.
  3269 | D:5      | Killed Edmund
  3270 | D:5      | Reached XP level 7. HP: 49/61 MP: 6/6
  3359 | D:5      | Found a glowing silver altar of Zin.
  3359 | D:5      | Noticed an angel
  4011 | D:6      | Noticed Sigmund
  4026 | D:6      | Reached XP level 8. HP: 15/70 MP: 7/7
  4027 | D:6      | HP: 3/70 [something (8)]
  4029 | D:6      | Slain by Sigmund

Illustrated notes

Levels and vault maps discovered:
D:1:      wander_arrival_lonely_grave, layout_basic, basic_ecumenical_altar,
          minmay_surrounded
D:2:      layout_loops_ring, lemuel_flame_loot_1
D:3:      layout_basic, grunt_temple_overflow_open
D:4:      layout_gridville
D:5:      layout_rooms, zin_angel, nicolae_shop_overcharged_wands,
          uniq_menkaure, uniq_edmund
D:6:      layout_rooms, minmay_misc_feat_enclosed, minmay_manual_maat,
          uniq_eustachio, uniq_crazy_yiuf_cottage, uniq_sigmund

Skill      XL: |  1  2  3  4  5  6  7 |
---------------+----------------------+-----
Armour         | 4 5 6 7 |  7.5
Axes           | 3 4 5 7 |  7.0
Shields        | 4 5 |  5.8
Fighting       | 4 5 |  5.9

Action                   |  1- 3 |  4- 6 |  7- 9 || total
-------------------------+-------+-------+-------++-------
Melee: War axe           |   108 |    78 |    54 ||   240
       Headbutt          |    10 |    17 |    10 ||    37
  Use: Potion            |       |     1 |       ||     1
Armor: Scale mail        |    76 |    63 |    56 ||   195
Dodge: Dodged            |    59 |    45 |    27 ||   131
Block: Buckler           |    34 |    25 |    26 ||    85

Table legend: (Time is in decaauts)
 A = Elapsed time spent in this place.
 B = Non-inter-level travel time spent in this place.
 C = Inter-level travel time spent in this place.
 D = Time resting spent in this place.
 E = Time spent auto-exploring this place.
 F = Levels seen in this place.
 G = Mean time per level.
                   A        B        C        D        E       F      G
               +--------+--------+--------+--------+--------+-----+--------+
         Total |   4102 |   3981 |    121 |      0 |   2838 |   6 |  683.7 |
       Dungeon |   4102 |   3981 |    121 |      0 |   2838 |   6 |  683.7 |
               +--------+--------+--------+--------+--------+-----+--------+

Top non-repeatable levels by time:
     D:2: 958 daAuts
     D:5: 817 daAuts
     D:1: 803 daAuts
     D:3: 790 daAuts
     D:4: 698 daAuts
     D:6: 34 daAuts
